 Dungeon Crawl Stone Soup version 0.22.1-2-g9c5b331 (webtiles) character file.

19424 xelsha the Fighter (level 12, -9/79 HPs)
             Began as a Gargoyle Gladiator on Dec 21, 2018.
             Was an Elder of Sif Muna.
             Mangled by a death yak (18 damage)
             ... on level 4 of the Lair of Beasts.
             The game lasted 01:01:33 (18963 turns).

xelsha the Fighter (Gargoyle Gladiator)            Turns: 18963, Time: 01:01:34

Health: -9/79      AC: 20    Str: 17    XL:     12   Next: 68%
Magic:  24/24      EV: 12    Int: 18    God:    Sif Muna [****..]
Gold:   747        SH:  0    Dex: 11    Spells: 18/28 levels left

rFire    + + .     SeeInvis +   s - +7 great mace "Firestarter" {inner flame, rF++}
rCold    . . .     Gourm    .   (shield currently unavailable)
rNeg     + . .     Faith    .   K - +2 troll leather armour
rPois    ∞         Spirit   .   x - +2 hat
rElec    +         Reflect  .   e - +1 cloak
rCorr    .         Harm     .   (no gloves)
MR       +....                  (no boots)
Stlth    +.........             (no amulet)
HPRegen  0.63/turn              n - ring of see invisible
MPRegen  0.19/turn              y - +3 ring of intelligence

@: no status effects
A: magic resistance 1, negative energy resistance 1, electricity resistance,
unbreathing, petrification resistance, rot immunity, sturdy frame 1, AC +8
a: Divine Energy, Channel Magic, Forget Spell, Renounce Religion


You were on level 4 of the Lair of Beasts.
You worshipped Sif Muna.
Sif Muna was greatly pleased with you.
You were hungry.

You visited 3 branches of the dungeon, and saw 15 of its levels.

You collected 747 gold pieces.

Inventory:

Hand Weapons
 a - a +1 trident of protection
 i - a +0 vampiric dagger
 s - the +7 great mace "Firestarter" (weapon) {inner flame, rF++}
   (You found it on level 9 of the Dungeon)

   It has been specially enchanted to burn those struck by it, causing extra
   injury to most foes and up to half again as much damage against particularly
   susceptible opponents.
   It greatly protects you from fire.
 I - a +0 glaive
 S - a +0 scimitar of flaming
Missiles
 d - 2 throwing nets (quivered)
 D - 4 javelins
 G - 108 arrows
Armour
 b - a +0 leather armour
 c - a +0 helmet
 e - a +1 cloak (worn)
 l - a +0 ring mail
 x - a +2 hat (worn)
 E - a +0 leather armour of cold resistance
 K - a +2 troll leather armour (worn)
 N - the +1 robe of Zuucoem {Int+5}
   (You acquired it on level 2 of the Lair of Beasts)

   It affects your intelligence (+5).
Magical Staves
 w - an uncursed staff of death
Jewellery
 n - a ring of see invisible (left hand)
 u - an uncursed ring of positive energy
 y - a +3 ring of intelligence (right hand)
 z - an uncursed ring of fire
 F - a +2 ring of intelligence
 M - an uncursed ring of flight
 R - a cursed ring of teleportation {unknown}
Wands
 m - a wand of acid (1)
 o - a wand of scattershot (9)
 q - a wand of iceblast (18)
 C - a wand of flame (12)
 J - a wand of clouds (9)
 O - a wand of digging (8)
 Q - a wand of polymorph (14)
Scrolls
 h - 11 scrolls of identify
 j - 3 scrolls of remove curse
 v - 3 scrolls of enchant weapon
 B - a scroll of magic mapping
 H - 2 scrolls of amnesia
 L - a scroll of teleportation
 T - a scroll of fear
Potions
 g - 2 potions of flight
 k - 3 potions of lignification
 p - 4 potions of agility
 r - 3 potions of degeneration
 t - 4 potions of haste
 A - a potion of brilliance
 P - 2 potions of curing {unknown}
Comestibles
 f - 23 rations
 U - 4 chunks of flesh


   Skills:
 + Level 10.7 Fighting
 + Level 5.0 Maces & Flails
 - Level 8.1 Polearms
 - Level 2.0 Throwing
 + Level 7.6 Armour
 - Level 2.4 Dodging
 + Level 8.9 Spellcasting
 + Level 4.6 Conjurations
 - Level 4.3 Transmutations
 + Level 4.2 Fire Magic
 - Level 5.7 Invocations


You had 18 spell levels left.
You knew the following spells:

 Your Spells              Type           Power        Failure   Level  Hunger
a - Beastly Appendage     Tmut           ###...       1%          1    None
b - Sticks to Snakes      Tmut           ###.....     2%          2    None
c - Sticky Flame          Conj/Fire      ###.....     14%         4    ###....
d - Dazzling Spray        Conj/Hex       ###...       11%         3    None

Your spell library contained the following spells:

 Spells                   Type           Power        Failure   Level  Hunger
 Flame Tongue             Conj/Fire      ###..        1%          1    None
 Throw Flame              Conj/Fire      ###...       2%          2    None
 Conjure Flame            Conj/Fire      ###.....     4%          3    None
 Confusing Touch          Hex            #.....       10%         1    None
 Corona                   Hex            #......      10%         1    None
 Inner Flame              Hex/Fire       ###.....     12%         3    None
 Spider Form              Tmut/Pois      ###.......   12%         3    None
 Ensorcelled Hibernation  Hex/Ice        #.....       14%         2    None
 Confuse                  Hex            #.......     28%         3    None
 Gell's Gravitas          Tloc           #.........   28%         3    None
 Tukima's Dance           Hex            #.......     28%         3    None
 Ice Form                 Ice/Tmut       ###.....     36%         4    ###....
 Petrify                  Tmut/Erth      ###.....     36%         4    ###....
 Blade Hands              Tmut           ###.......   38%         5    #####..
 Fireball                 Conj/Fire      ###.......   38%         5    #####..
 Irradiate                Conj/Tmut      ###.......   38%         5    #####..
 Yara's Violent Unravell  Hex/Tmut       ###.......   71%         5    #####..
 Hydra Form               Tmut           ###.......   93%         6    ######.
 Metabolic Englaciation   Hex/Ice        #.........   95%         5    #####..
 Dragon Form              Tmut           ###.......   100%        7    #######
 Statue Form              Tmut/Erth      Unusable     N/A         6    N/A

Dungeon Overview and Level Annotations

Branches:
Dungeon (10/15)            Temple (1/1) D:5            Lair (4/6) D:8
  Swamp (0/4) Lair:2        Snake (0/4) Lair:2          Orc (0/2) D:9

Altars:
Ashenzari
Cheibriados
Dithmenos
Elyvilon
Fedhas
Gozag
Hepliaklqana
Kikubaaqudgha
Makhleb
Nemelex Xobeh
Okawaru
Qazlal
Ru
Sif Muna
Trog
Uskayaw
Vehumet
Wu Jian
Xom
Yredelemnul
Zin
The Shining One


Innate Abilities, Weirdness & Mutations

You are resistant to torment.
Your stone body is resilient. (AC +8)
You are immune to poison.
You resist negative energy. (rN+)
You are resistant to electric shocks. (rElec)
You can survive without breathing.
You are immune to petrification.
You are immune to rotting.
You are resistant to hostile enchantments. (MR+)
Your movements are slightly less encumbered by armour. (ER -2)


Message History

Found a stone staircase leading up.
A death yak comes into view.
The death yak bellows!
You hit the death yak but do no damage.
You are feeling hungry.
The death yak gores you! x2
You sock the death yak! You burn the death yak.
The death yak is filled with an inner flame.
The death yak is moderately wounded.
You barely miss the death yak. The death yak gores you.
You sock the death yak! You burn the death yak.
The death yak is filled with an inner flame.
The death yak is lightly wounded.
The death yak gores you!!
You barely miss the death yak.
The death yak is lightly wounded.
The death yak's inner flame fades away.
The death yak gores you!!
* * * LOW HITPOINT WARNING * * *
The death yak gores you!!
You die...

.P .... ....... ....P.. .. # ##
....... ......... .. ###.#
....#.. PP........###.. ........
...<... ............... .P.....
#.... ........#.##.... .##...# ..
#.YY##.......P.##..## .#....## .#
#@....(.....P#....
.....#.##>#######................
...P.#.....#................#....
...#....................>..###.#.
............####^....#....## #...
.###.......# ###....##....# ####
####.......# #..........### ###.
##P........####...#^....######...
......#...###....###....##.#.....


You could see 2 death yaks.

Vanquished Creatures
  2 hydras
  Erica (Lair:1)
  3 death yaks (Lair:1)
  Nergalle (Lair:1)
  A lindwurm (Lair:4)
  Pikel (D:2)
  4 elephants (Lair:2)
  A cyclops (D:8)
  Maurice (D:9)
  A gargoyle (D:10)
  3 spiny frogs
  2 rime drakes (Lair:4)
  A komodo dragon (Lair:3)
  3 trolls
  5 hippogriffs
  Grinder (D:4)
  A wyvern (Lair:4)
  7 yaks
  A hungry ghost (D:9)
  2 nagas (Lair:2)
  3 water moccasins
  4 porcupines
  4 orc warriors
  A slave (D:3)
  3 phantoms
  3 sky beasts
  6 ogres
  6 wolves (Lair:3)
  6 centaurs
  3 necrophages
  5 crocodiles
  4 big kobolds
  9 bullfrogs
  4 scorpions
  A wyvern skeleton (D:9)
  10 killer bees
  A howler monkey (D:6)
  7 wights
  5 electric eels (Lair:2)
  2 crimson imps
  A centaur zombie (D:8)
  5 orc priests
  6 jellies
  An orc wizard (D:8)
  A bullfrog skeleton (D:5)
  4 hounds
  5 iguanas
  3 iron imps (D:3)
  2 hell rats (Lair:3)
  2 worker ants
  A killer bee zombie (D:5)
  3 hound skeletons
  3 howler monkey zombies
  A worker ant zombie (D:10)
  Robin (D:3)
  4 gnolls (D:2)
  A howler monkey skeleton (D:4)
  6 adders
  7 river rats
  A shadow imp (D:8)
  2 adder skeletons
  4 worms
  2 dart slugs
  5 leopard geckos
  31 orcs
  2 ball pythons
  9 bats
  8 giant cockroaches
  22 goblins
  8 hobgoblins
  12 jackals
  10 quokkas
  11 frilled lizards
  3 jackal skeletons
  A jackal zombie (D:9)
  23 kobolds
  A leopard gecko zombie (D:5)
  14 rats
  A bush (Lair:3)
  A fungus (Lair:4)
357 creatures vanquished.

Vanquished Creatures (collateral kills)
  A troll (D:9)
  2 kobolds (D:9)
3 creatures vanquished.

Vanquished Creatures (others)
  3 fungi
  A plant (Lair:2)
4 creatures vanquished.

Grand Total: 364 creatures vanquished

Notes
Turn   | Place    | Note
-------+----------+-------------------------------------------
     0 | D:1      | xelsha the Gargoyle Gladiator began the quest for the Orb.
     0 | D:1      | Reached XP level 1. HP: 12/12 MP: 1/1
   128 | D:1      | Reached XP level 2. HP: 9/18 MP: 2/2
   387 | D:1      | Reached skill level 1 in Spellcasting
   397 | D:1      | Reached XP level 3. HP: 22/22 MP: 4/4
   804 | D:2      | Reached skill level 3 in Fighting
   860 | D:2      | Reached XP level 4. HP: 20/28 MP: 6/6
  1279 | D:2      | Noticed a moth of wrath
  1282 | D:2      | Found a bloodstained altar of Trog.
  1306 | D:2      | Reached XP level 5. HP: 32/32 MP: 8/8
  1398 | D:2      | Found a white marble altar of Elyvilon.
  1609 | D:2      | Found a blossoming altar of Fedhas.
  1609 | D:2      | Found a stormy altar of Qazlal.
  1611 | D:2      | Found a shattered altar of Ashenzari.
  2124 | D:2      | Reached skill level 4 in Fighting
  2427 | D:3      | Noticed Robin
  2456 | D:3      | Reached XP level 6. HP: 38/38 MP: 9/9
  2514 | D:3      | Killed Robin
  3012 | D:3      | Found a burning altar of Makhleb.
  3468 | D:4      | Reached XP level 7. HP: 41/44 MP: 10/12
  3619 | D:4      | Noticed Pikel
  3791 | D:3      | Gained mutation: Your movements are slightly less
                  | encumbered by armour. (ER -2) [potion of mutation]
  3791 | D:3      | Gained mutation: You are resistant to hostile enchantments.
                  | (MR+) [potion of mutation]
  4148 | D:2      | Killed Pikel
  4148 | D:2      | Reached skill level 5 in Fighting
  4148 | D:2      | Reached skill level 5 in Polearms
  4148 | D:2      | Reached XP level 8. HP: 22/51 MP: 12/14
  4476 | D:4      | Reached skill level 6 in Fighting
  4576 | D:4      | Noticed Grinder
  4584 | D:4      | Paralysed by Grinder for 3 turns
  4615 | D:4      | Killed Grinder
  4879 | D:4      | Reached skill level 5 in Spellcasting
  4933 | D:5      | Entered Level 5 of the Dungeon
  5228 | D:5      | Found a staircase to the Ecumenical Temple.
  5241 | Temple   | Entered the Ecumenical Temple
  5420 | Temple   | Became a worshipper of Sif Muna the Loreminder
  5855 | D:6      | Reached skill level 7 in Fighting
  5908 | D:6      | HP: 2/53 [bullfrog (1)]
  6085 | D:6      | Reached XP level 9. HP: 16/57 MP: 17/17
  6792 | D:6      | Found a sacrificial altar of Ru.
  6875 | D:6      | Found an opulent altar of Gozag.
  6950 | D:6      | Learned a level 1 spell: Beastly Appendage
  7512 | D:7      | Found a sacrificial altar of Ru.
  7637 | D:7      | Found a shimmering altar of Xom.
  7638 | D:7      | Found a hazy altar of Hepliaklqana.
  7639 | D:7      | Noticed a spectral ugly thing
  7695 | D:8      | Reached skill level 1 in Armour
  7697 | D:8      | Reached skill level 1 in Invocations
  7941 | D:8      | Reached skill level 1 in Transmutations
  7947 | D:8      | Noticed a cyclops
  7948 | D:8      | Noticed a troll
  8348 | D:7      | Killed a troll
  8348 | D:7      | Reached skill level 8 in Fighting
  8648 | D:8      | Killed a cyclops
  8648 | D:8      | Reached * piety under Sif Muna
  8985 | D:8      | Reached XP level 10. HP: 39/64 MP: 19/19
  9822 | D:8      | Learned a level 2 spell: Sticks to Snakes
 10090 | D:8      | Found a staircase to the Lair.
 12070 | D:9      | Reached skill level 9 in Fighting
 12702 | D:9      | Noticed Maurice
 12739 | D:9      | Killed Maurice
 12772 | D:9      | Reached skill level 5 in Armour
 12772 | D:9      | Reached XP level 11. HP: 71/71 MP: 22/22
 12865 | D:9      | Found a staircase to the Orcish Mines.
 12906 | D:9      | Found the +7 great mace "Firestarter" {inner flame, rF++}
 13082 | D:10     | Entered Level 10 of the Dungeon
 13093 | D:10     | Reached ** piety under Sif Muna
 13106 | D:10     | Reached skill level 5 in Invocations
 13158 | D:10     | Reached skill level 1 in Maces & Flails
 14541 | Lair:1   | Entered Level 1 of the Lair of Beasts
 14581 | Lair:1   | Noticed Nergalle
 14592 | Lair:1   | Noticed a spectral orc warlord
 14594 | Lair:1   | Killed Nergalle
 15777 | Lair:1   | Learned a level 4 spell: Sticky Flame
 15790 | Lair:2   | Noticed Erica
 16029 | Lair:1   | Killed Erica
 16042 | Lair:2   | Reached skill level 1 in Conjurations
 16042 | Lair:2   | Reached skill level 1 in Fire Magic
 16072 | Lair:2   | Found a staircase to the Swamp.
 16390 | Lair:2   | Found a staircase to the Snake Pit.
 16691 | Lair:2   | Reached *** piety under Sif Muna
 16691 | Lair:2   | Reached skill level 10 in Fighting
 16808 | Lair:2   | Noticed a seven-headed hydra
 16819 | Lair:2   | Killed a seven-headed hydra
 16819 | Lair:2   | Reached XP level 12. HP: 28/77 MP: 24/24
 17264 | Lair:2   | Identified a scroll of acquirement
 17265 | Lair:2   | Got a dull robe
 17276 | Lair:2   | Identified the +1 robe of Zuucoem {Int+5} (You acquired it
                  | on level 2 of the Lair of Beasts)
 17375 | Lair:3   | Learned a level 3 spell: Dazzling Spray
 17796 | Lair:3   | Noticed a six-headed hydra
 17808 | Lair:3   | Killed a six-headed hydra
 17976 | Lair:3   | Noticed a death yak
 17976 | Lair:3   | Noticed a death yak
 17977 | Lair:3   | Noticed a death yak
 18085 | Lair:1   | Killed a death yak
 18172 | Lair:1   | Killed a death yak
 18177 | Lair:1   | Killed a death yak
 18855 | Lair:4   | Reached **** piety under Sif Muna
 18855 | Lair:4   | Reached skill level 5 in Maces & Flails
 18955 | Lair:4   | Noticed a death yak
 18956 | Lair:4   | Noticed a death yak
 18957 | Lair:4   | Noticed a death yak
 18963 | Lair:4   | Mangled by a death yak

Skill      XL: |  1  2  3  4  5  6  7  8  9 10 11 12 |
---------------+-------------------------------------+-----
Throwing       | 2 |  2.0
Polearms       | 3 4 5 6 7 8 |  8.1
Spellcasting   | 1 2 3 4 5 6 7 8 |  8.9
Fighting       | 3 4 5 7 8 9 10 | 10.7
Armour         | 3 5 6 7 |  7.6
Invocations    | 3 4 5 |  5.7
Transmutations | 2 3 4 |  4.3
Maces & Flails | 3 5 |  5.0
Conjurations   | 2 4 |  4.6
Fire Magic     | 2 4 |  4.2
Dodging        | |  2.4

Action                   |  1- 3 |  4- 6 |  7- 9 | 10-12 || total
-------------------------+-------+-------+-------+-------++-------
Melee: Trident           |   150 |   375 |   487 |   411 ||  1423
       Kick              |       |       |     3 |    12 ||    15
       Headbutt          |       |       |     2 |     2 ||     4
       Glaive            |       |       |       |     1 ||     1
       Great mace        |       |       |       |   312 ||   312
Throw: Throwing net      |       |       |     6 |       ||     6
 Cast: Beastly Appendage |       |       |     3 |     9 ||    12
       Sticks to Snakes  |       |       |       |    46 ||    46
Evoke: Wand              |       |       |     7 |    11 ||    18
  Use: Potion            |       |       |     3 |     2 ||     5
       Scroll            |       |       |     8 |    16 ||    24
 Stab: Distracted        |       |       |       |     1 ||     1
  Eat: Chunk             |       |     4 |    13 |    23 ||    40
       Ration            |       |     1 |     2 |     4 ||     7
Armor: Leather armour    |    75 |    16 |       |    11 ||   102
       Ring mail         |       |   222 |   198 |   146 ||   566
       Skin              |       |     1 |       |       ||     1
       Troll leather arm |       |       |       |   351 ||   351
Dodge: Dodged            |   142 |   270 |   278 |   602 ||  1292
